 Dungeon Crawl Stone Soup version 0.31-a0-95-g6fa058ef04 (webtiles) character file.

Game seed: 15720780780134148160

414 edwardauron the Shooter (level 6, -3/48 HPs)
             Began as a Demigod Hunter on May 25, 2023.
             Succumbed to a hornet's poison
             ... on level 5 of the Dungeon.
             The game lasted 00:03:37 (4312 turns).

edwardauron the Shooter (Demigod Hunter)            Turns: 4312, Time: 00:03:38

Health: -3/48      AC:  7    Str: 12    XL:     6   Next: 33%
Magic:  8/8        EV: 13    Int: 11    God:
Gold:   232        SH:  0    Dex: 25    Spells: 5/5 levels left

rFire   . . .        a - +0 shortbow
rCold   . . .        (shield currently unavailable)
rNeg    . . .        c - +0 leather armour
rPois   .            (no helmet)
rElec   .            (no cloak)
rCorr   .            (no gloves)
SInv    .            (no boots)
Will    .....        (no amulet)
Stlth   ++           e - +4 ring of protection
HPRegen 0.28/turn    (no ring)
MPRegen 0.11/turn

%: no passive effects
@: lethally poisoned (-3 -> -22), slowed, very slow
A: high MP 1, forlorn, divine attributes
a: no special abilities


You were on level 5 of the Dungeon.
You visited 1 branch of the dungeon, and saw 5 of its levels.

You collected 232 gold pieces.

Inventory:

Hand Weapons
 a - a +0 shortbow (weapon)
Armour
 c - a +0 leather armour (worn)
Jewellery
 e - a +4 ring of protection (left hand)
Wands
 o - a wand of digging (7)
 q - a wand of iceblast (13)
Scrolls
 b - 2 scrolls of immolation
 f - 2 scrolls of amnesia
 h - a scroll of poison
 i - 4 scrolls of identify
 j - 2 scrolls of magic mapping
 k - 2 scrolls of teleportation
 l - a scroll of enchant armour
 n - 3 scrolls of noise
Potions
 d - a potion of might
 g - a potion of haste


   Skills:
 + Level 2.0 Fighting
 + Level 7.1 Ranged Weapons
 + Level 2.2 Dodging
 - Level 0.8 Stealth


You had 5 spell levels left.
You didn't know any spells.
Your spell library contained the following spells:

 Spells                   Type           Power      Damage    Failure   Level
 Kiss of Death            Conj/Necr      0%         2d5       41%         1
 Necrotise                Necr           0%         1d4       41%         1
 Summon Small Mammal      Summ           0%         N/A       41%         1
 Call Canine Familiar     Summ           0%         N/A       80%         3
 Confusing Touch          Hex            0%         N/A       80%         3
 Summon Guardian Golem    Hex/Summ       0%         N/A       80%         3
 Vampiric Draining        Necr           0%         2d6       80%         3
 Dispel Undead            Necr           0%         3d6       99%         4
 Agony                    Necr           0%         N/A       100%        5


Dungeon Overview and Level Annotations

Branches:
Dungeon (5/15)             Temple (0/1) D:4


Innate Abilities, Weirdness & Mutations

You have an increased reservoir of magic. (+10% MP)
You shall have no god before yourself.
Your divine heritage dramatically boosts your attributes as you level up.


Message History

The hornet is heavily wounded.
You feel very sick. The hornet closely misses you.
The hornet stings you but does no damage.
Fire: a) +0 shortbow
Press: ? - help, Q - select action, (/) - cycle Shift-Dir - straight line, f/p - hornet
Aim: a hornet (heavily wounded, 57% to hit)
You shoot an arrow.
The arrow hits the hornet but does no damage.
The hornet is heavily wounded.
You feel sick. The hornet barely misses you. The hornet closely misses you. x2
Fire: a) +0 shortbow
Press: ? - help, Q - select action, (/) - cycle Shift-Dir - straight line, f/p - hornet
Aim: a hornet (heavily wounded, 57% to hit)
You shoot an arrow. The arrow hits the hornet.
The hornet is heavily wounded.
You feel yourself speed up.
You feel sick. The hornet misses you. The hornet stings you.
You are more poisoned.
You feel yourself slow down.
Fire: a) +0 shortbow
Press: ? - help, Q - select action, (/) - cycle Shift-Dir - straight line, f/p - hornet
Aim: a hornet (heavily wounded, 57% to hit)
You shoot an arrow.
The arrow hits the hornet but does no damage.
The hornet is heavily wounded.
You feel yourself speed up.
* * * LOW HITPOINT WARNING * * *
You feel very sick. The hornet stings you.
* * * LOW HITPOINT WARNING * * *
You are more poisoned.
You feel yourself slow down. The hornet closely misses you.
The hornet stings you.
* * * LOW HITPOINT WARNING * * *
You feel as though you will be slow longer.
Okay, then.
You shoot an arrow. The arrow hits the hornet.
The hornet is severely wounded.
You die...

## #......# #.##.##
..
#......######.##...
.##..............####
...#.................
#.#.................
#.#.##.#.#.#....)...
#.#5##..............
#.#y#..#.#.#.......#
#.#@#.........######
#.#.#..#.#.#.##
..<#.. .......
#...##.# #... .. ...
.## .#. .# .# ##


You could see a hornet and a white imp.

Vanquished Creatures
  Edmund (D:4)
  An ogre (D:4)
  2 orc priests (D:4)
  A sleepcap (D:3)
  An iguana (D:5)
  An adder (D:5)
  A shadow imp (D:5)
  A white imp (D:5)
  An ufetubus (D:4)
  4 worms
  6 orcs (D:4)
  8 bats
  3 endoplasms
  3 giant cockroaches
  3 goblins
  6 hobgoblins
  3 jackals (D:1)
  3 quokkas
  7 ball pythons
  4 frilled lizards
  4 kobolds
  2 rats (D:1)
66 creatures vanquished.

Notes
Turn   | Place    | Note
-------+----------+-------------------------------------------
     0 | D:1      | edwardauron the Demigod Hunter began the quest for the Orb.
     0 | D:1      | Reached XP level 1. HP: 17/17 MP: 3/3
    34 | D:1      | Reached skill level 4 in Ranged Weapons
   112 | D:1      | Reached XP level 2. HP: 24/24 MP: 4/4
   961 | D:2      | Reached XP level 3. HP: 29/29 MP: 5/5
  1302 | D:2      | Identified the +1 robe of Putoc {rCorr Slay+3 Stlth+}
  1907 | D:3      | Reached skill level 5 in Ranged Weapons
  1907 | D:3      | Reached XP level 4. HP: 19/36 MP: 6/6
  2522 | D:4      | Noticed Edmund
  2563 | D:4      | Killed Edmund
  2564 | D:4      | Reached skill level 6 in Ranged Weapons
  2564 | D:4      | Reached XP level 5. HP: 5/41 MP: 7/7
  3192 | D:4      | Found a staircase to the Ecumenical Temple.
  3197 | D:4      | Noticed an ogre
  3205 | D:4      | Killed an ogre
  3206 | D:4      | Reached XP level 6. HP: 12/48 MP: 8/8
  3365 | D:4      | Reached skill level 7 in Ranged Weapons
  4012 | D:5      | Entered Level 5 of the Dungeon
  4158 | D:5      | Identified the +3 short sword "Leaqum" {chaos, rElec rC+
                  | Str+2 Dex-4}
  4294 | D:5      | Noticed a hornet
  4312 | D:5      | Succumbed to a hornet's poison

Illustrated notes

Levels and vault maps discovered:
D:1:      sevenhm_arrival_forest_fort_large_4, layout_basic, minmay_tromino_v4_a
D:2:      layout_basic, ebering_ecumenical_altar_sacrificial
D:3:      layout_basic, nicolae_dithmenos_the_darkroom, hellmonk_no_cap
D:4:      layout_basic, slow_altar_2, minmay_temple_entry_glassed_door,
          uniq_edmund
D:5:      due_chaos_kobolds, layout_basic, serial_co_window_serial,
          co_window_paths_a, co_window_corner_a, co_window_paths_a,
          co_window_of_opportunity_a, co_window_paths_a, co_window_corner_cb,
          co_window_cross_3, co_window_unsneaky_path_e, co_window_broadway_c,
          co_window_broadway_c, glass_columns_a, glass_columns_b,
          glass_columns_c, glass_columns_b, glass_columns_b

Skill      XL: |  1  2  3  4  5  6 |
---------------+-------------------+-----
Ranged Weapons | 4 5 6 7 |  7.1
Dodging        | 2 |  2.2
Fighting       | 2 |  2.0
Stealth        | |  0.8

Action                     |  1- 3 |  4- 6 || total
---------------------------+-------+-------++-------
   Fire: Shortbow          |   117 |   126 ||   243
    Use: Potion            |       |     6 ||     6
         Scroll            |       |     7 ||     7
 Armour: Leather armour    |    17 |    19 ||    36
  Dodge: Dodged            |    33 |    52 ||    85

Table legend: (Time is in decaauts)
 A = Elapsed time spent in this place.
 B = Non-inter-level travel time spent in this place.
 C = Inter-level travel time spent in this place.
 D = Time resting spent in this place.
 E = Time spent auto-exploring this place.
 F = Levels seen in this place.
 G = Mean time per level.
                   A        B        C        D        E       F      G
               +--------+--------+--------+--------+--------+-----+--------+
         Total |   4356 |   4150 |    206 |    612 |   3088 |   5 |  871.2 |
       Dungeon |   4356 |   4150 |    206 |    612 |   3088 |   5 |  871.2 |
               +--------+--------+--------+--------+--------+-----+--------+

Top non-repeatable levels by time:
     D:4: 1636 daAuts
     D:3: 854 daAuts
     D:1: 854 daAuts
     D:2: 705 daAuts
     D:5: 305 daAuts
